 Dungeon Crawl Stone Soup version 0.23.2-40-g277498a (webtiles) character file.

Game seed: 14898889414298117710

3322 CrazyJ the Summoner (level 9, 0/74 HPs)
             Began as a Purple Draconian Summoner on Sept 15, 2019.
             Was a Believer of Kikubaaqudgha.
             Hit by a large rock thrown by a cyclops (27 damage)
             ... on level 9 of the Dungeon.
             The game lasted 01:11:07 (10229 turns).

CrazyJ the Summoner (Purple Draconian Summoner)    Turns: 10229, Time: 01:11:07

Health: 0/74       AC: 10    Str: 10    XL:     9   Next: 71%
Magic:  7/18       EV: 14    Int: 20    God:    Kikubaaqudgha [**....]
Gold:   500        SH:  0    Dex: 11    Spells: 0/20 levels left

rFire    . . .     SeeInvis .   a - +1 halberd (flame)
rCold    . . .     Gourm    .   (shield currently unavailable)
rNeg     . . .     Faith    .   (armour unavailable)
rPois    .         Spirit   .   (helmet restricted)
rElec    .         Reflect  .   o - +2 cloak
rCorr    .         Harm     .   (no gloves)
MR       +....                  (no boots)
Stlth    ++........             (no amulet)
HPRegen  0.22/turn              (no ring)
MPRegen  0.16/turn              (no ring)

@: no status effects
A: breathe power, unfitting armour, cold-blooded, AC +7
a: Breathe Dispelling Energy, Receive Corpses, Renounce Religion


You were on level 9 of the Dungeon.
You worshipped Kikubaaqudgha.
Kikubaaqudgha was pleased with you.
You were not hungry.

You visited 2 branches of the dungeon, and saw 10 of its levels.
You also visited: Sewer.

You collected 500 gold pieces.

Inventory:

Hand Weapons
 a - a +1 halberd of flaming (weapon)
 l - a +0 scythe of venom
 n - a +0 trident of protection
 p - the +1 war axe of Agrihokk {flame, +Blink rF+ Int+5 Dex-2}
   (You found it on level 5 of the Dungeon)

   It has been specially enchanted to burn those struck by it, causing extra
   injury to most foes and up to half again as much damage against particularly
   susceptible opponents.
   Big, fiery blades are also staple armaments of hydra-hunters.
   It affects your intelligence (+5).
   It affects your dexterity (-2).
   It protects you from fire.
   It lets you blink.
 x - the +2 hunting sling "Nistac" {velocity, +Fly rC+ Int-2}
   (You found it on level 5 of the Dungeon)

   Any stone fired from it inflicts extra damage.
   It affects your intelligence (-2).
   It protects you from cold.
   It lets you fly.
Missiles
 d - 353 stones (quivered)
 F - 8 curare-tipped needles
Armour
 o - a +2 cloak (worn)
Magical Staves
 D - an uncursed staff of wizardry
Jewellery
 j - an uncursed ring of resist corrosion
 k - an uncursed amulet of faith
Wands
 v - a wand of clouds (7)
 C - a wand of scattershot (4)
 H - a wand of paralysis (12)
Scrolls
 c - 3 scrolls of teleportation
 f - a scroll of fog {unknown}
 g - 2 scrolls of enchant armour
 m - a scroll of magic mapping {unknown}
 q - a scroll of blinking
 r - a scroll of random uselessness {unknown}
 w - 3 scrolls of amnesia
 y - a scroll of immolation {unknown}
 z - 2 scrolls of identify
 B - a scroll of brand weapon {unknown}
 E - a scroll of fear
 G - 2 scrolls of remove curse
Potions
 e - a potion of haste {unknown}
 h - a potion of cancellation
 i - a potion of mutation {unknown}
 t - 2 potions of flight {unknown}
 u - 2 potions of curing
Comestibles
 b - 14 rations
 s - 6 chunks of flesh


   Skills:
 + Level 5.0 Fighting
 + Level 4.3 Polearms
 + Level 4.6 Dodging
 - Level 1.7 Stealth
 * Level 6.4 Spellcasting
 - Level 3.7 Hexes
 * Level 8.1 Summonings
 * Level 3.9 Necromancy
 + Level 3.5 Ice Magic
 + Level 0.2 Air Magic


You couldn't memorise any spells.
You knew the following spells:

 Your Spells              Type           Power        Failure   Level  Hunger
a - Summon Small Mammal   Summ           ####         1%          1    None
b - Call Imp              Summ           #####...     1%          2    None
c - Call Canine Familiar  Summ           #####...     1%          3    ##.....
d - Summon Guardian Gole  Hex/Summ       ####....     2%          3    ##.....
e - Summon Ice Beast      Ice/Summ       ####....     10%         4    ####...
f - Vampiric Draining     Necr           ###.......   6%          3    ##.....
g - Summon Lightning Spi  Summ/Air       ###.....     19%         4    ####...

Your spell library contained the following spells:

 Spells                   Type           Power        Failure   Level  Hunger
 Animate Skeleton         Necr           N/A          1%          1    None
 Pain                     Necr           ###.         1%          1    None
 Confusing Touch          Hex            ###...       2%          1    None
 Sublimation of Blood     Necr           ###.......   3%          2    None
 Apportation              Tloc           #.....       10%         1    None
 Regeneration             Chrm/Necr      ##........   14%         3    ##.....
 Animate Dead             Necr           N/A          21%         4    ####...


Dungeon Overview and Level Annotations

Branches:
Dungeon (9/15)             Temple (1/1) D:7            Lair (0/6) D:9
    Orc: D:9-12

Altars:
Ashenzari
Cheibriados
Dithmenos
Elyvilon
Fedhas
Gozag
Hepliaklqana
Kikubaaqudgha
Makhleb
Okawaru
Qazlal
Ru
Sif Muna
Trog
Uskayaw
Vehumet
Wu Jian
Xom
Zin
The Shining One

Shops:
D:7 }*(?


Innate Abilities, Weirdness & Mutations

You can breathe bolts of dispelling energy.
Your rich purple scales are hard. (AC +7)
You cannot fit into any form of body armour.
You are cold-blooded and may be slowed by cold attacks.


Message History

What are your orders? t - Shout!
Orders for allies: a - Attack new target. r - Retreat! s - Stop attacking. g - Guard the area. f - Follow me.
Anything else - Cancel.
Gang up on whom?
Press: ? - help, Dir - move target cursor, f - cyclops
Aim: a cyclops Attack!
The cyclops throws a large rock.
The large rock hits your ice beast!!
Your +0 trident of protection goes still.
Your +1 halberd of flaming bursts into flame!
a - a +1 halberd of flaming (weapon)
The cyclops throws a large rock.
The large rock hits your ice beast!!
Your ice beast dies!
The cyclops throws a large rock.
The large rock barely misses your ice beast.
The large rock hits you!!
You die...
Kikubaaqudgha rasps: "You have failed me!
Welcome... death!"

.. ............# ...
############'#########'##..##
#...#....#...C.....#...)....#
#...'....#...YY....'.............
#...#....#......h..#.............
#...######.........##...#....#...
.........#).).#(....#...#....####
.........#))..#(....#...+....#
..>......#....#(@...#...#....#
.........#....#.....#...#....#
.........#....#.....#...#
#..#'######...####..#####
...#......#.............#
...#......#.............#
...#......#.............#
...#......#.............#
...######'########..#####


You could see a cyclops, 2 friendly ice beasts and a friendly hound.

Vanquished Creatures
  Eustachio (D:4)
  A warg (D:9)
  A sky beast (D:6)
  An orc warrior (D:9)
  An ice beast (D:5)
  A phantom (D:3)
  A black bear (D:8)
  4 ogres
  A big kobold (Sewer)
  2 bullfrogs
  A wyvern zombie (D:8)
  A scorpion (D:8)
  A howler monkey (D:7)
  2 hounds
  3 orc wizards
  Crazy Yiuf (D:2)
  4 orc priests
  A centaur skeleton (D:5)
  A jelly (D:5)
  2 worker ants
  Ijyb (D:5)
  A hound skeleton (D:7)
  A gnoll (D:4)
  7 adders
  5 river rats (D:6)
  A shadow imp (D:6)
  An adder zombie (D:9)
  2 worms
  5 leopard geckos
  17 orcs
  2 ball pythons
  6 bats
  4 giant cockroaches
  5 goblins
  8 hobgoblins
  7 jackals
  7 quokkas (D:6)
  3 frilled lizards
  A jackal zombie (D:3)
  8 kobolds
  13 rats
136 creatures vanquished.

Vanquished Creatures (collateral kills)
  A two-headed ogre (D:8)
  A centaur skeleton (D:9)
  A hippogriff (D:7)
  Sigmund (D:2)
  A warg (D:9)
  2 orc warriors
  A sky beast (D:6)
  A centaur (D:7)
  A crocodile (D:8)
  A gnoll sergeant (D:8)
  A scorpion (D:8)
  3 howler monkeys
  2 crimson imps (D:8)
  A quasit (D:6)
  A hound (D:7)
  A jelly (D:8)
  An orc priest (D:9)
  A bullfrog skeleton (D:8)
  3 orc wizards
  2 worker ants
  8 gnolls
  7 river rats
  6 adders
  3 worms
  12 orcs
  A ball python (D:5)
  A bat (D:1)
  A giant cockroach (D:2)
  A goblin (D:3)
  4 jackals
  2 quokkas (D:6)
  A frilled lizard (D:1)
  A leopard gecko zombie (D:7)
  4 rats
79 creatures vanquished.

Vanquished Creatures (others)
  A wizard (D:8)
1 creature vanquished.

Grand Total: 216 creatures vanquished

Notes
Turn   | Place    | Note
-------+----------+-------------------------------------------
     0 | D:1      | CrazyJ the Draconian Summoner began the quest for the Orb.
     0 | D:1      | Reached XP level 1. HP: 14/14 MP: 3/3
   304 | D:1      | Reached XP level 2. HP: 14/20 MP: 5/5
   315 | D:1      | Learned a level 2 spell: Call Imp
   835 | D:2      | Reached XP level 3. HP: 15/27 MP: 6/6
   861 | D:2      | Noticed Sigmund
   865 | D:2      | HP: 1/27 [Sigmund/+0 scythe of venom (10)]
   870 | D:2      | Killed Sigmund
   870 | D:2      | Reached skill level 1 in Fighting
   870 | D:2      | Reached skill level 1 in Polearms
   870 | D:2      | Reached skill level 5 in Summonings
   870 | D:2      | Reached XP level 4. HP: 2/35 MP: 4/7
   906 | D:2      | Found an iron altar of Okawaru.
   936 | D:2      | Learned a level 3 spell: Call Canine Familiar
  1335 | D:2      | Found a runed translucent door.
  1336 | D:2      | Noticed Crazy Yiuf
  1342 | D:2      | Killed Crazy Yiuf
  1342 | D:2      | Reached XP level 5. HP: 41/41 MP: 8/8
  1663 | D:2      | Found a glowing golden altar of the Shining One.
  1785 | D:3      | Noticed a phantom
  1845 | D:3      | Killed a phantom
  2317 | D:3      | Reached XP level 6. HP: 27/48 MP: 3/10
  2870 | D:4      | Learned a level 3 spell: Summon Guardian Golem
  2890 | D:4      | Noticed Eustachio
  2939 | D:4      | Found a blossoming altar of Fedhas.
  3246 | D:4      | Found a sacrificial altar of Ru.
  3305 | D:4      | Reached skill level 6 in Summonings
  3305 | D:4      | Your scales start taking on a rich purple colour.
  3305 | D:4      | Reached XP level 7. HP: 56/56 MP: 9/12
  3318 | D:4      | Found a glowing drain.
  3328 | Sewer    | Entered a sewer
  3349 | Sewer    | Learned a level 4 spell: Summon Ice Beast
  3522 | Sewer    | Found a white marble altar of Elyvilon.
  3811 | D:5      | Entered Level 5 of the Dungeon
  3950 | D:5      | Found a snail-covered altar of Cheibriados.
  4047 | D:5      | Noticed Ijyb
  4055 | D:5      | Killed Ijyb
  4137 | D:5      | Got a bloodstained hunting sling
  4140 | D:5      | Identified the +2 hunting sling "Nistac" {velocity, +Fly
                  | rC+ Int-2} (You found it on level 5 of the Dungeon)
  4174 | D:5      | Got a steaming war axe
  4177 | D:5      | Identified the cursed +1 war axe of Agrihokk {flame, +Blink
                  | rF+ Int+5 Dex-2} (You found it on level 5 of the Dungeon)
  4240 | D:5      | Reached skill level 1 in Hexes
  4696 | D:6      | Reached skill level 1 in Ice Magic
  5167 | D:7      | Found Varghehey's Gadget Boutique.
  5167 | D:7      | Found Sasyiway's General Store.
  5167 | D:7      | Found Bamuasil's Magic Scroll Boutique.
  5167 | D:7      | Found Astofane's Antique Weapon Boutique.
  5227 | D:7      | Reached XP level 8. HP: 64/64 MP: 6/14
  5628 | D:4      | Found a glowing golden altar of the Shining One.
  5695 | D:4      | Found an ancient bone altar of Kikubaaqudgha.
  5703 | D:4      | Learned a level 3 spell: Vampiric Draining
  5714 | D:4      | Became a worshipper of Kikubaaqudgha
  6030 | D:4      | Killed Eustachio
  6125 | D:6      | Reached skill level 7 in Summonings
  6175 | D:6      | Reached skill level 1 in Necromancy
  6504 | D:6      | Reached * piety under Kikubaaqudgha
  6504 | D:6      | Identified Kikubaaqudgha's Catalogue of Necromancy
                  | (Kikubaaqudgha gifted it to you on level 6 of the Dungeon)
  6504 | D:6      | Received a gift from Kikubaaqudgha
  6524 | D:6      | Reached skill level 5 in Spellcasting
  6744 | D:6      | Found a deep blue altar of Sif Muna.
  8039 | D:7      | Noticed a hippogriff
  8051 | D:7      | Killed a hippogriff
  8300 | D:7      | Found a staircase to the Ecumenical Temple.
  8311 | Temple   | Entered the Ecumenical Temple
  8589 | D:8      | Reached XP level 9. HP: 72/72 MP: 13/17
  8746 | D:8      | Reached ** piety under Kikubaaqudgha
  8836 | D:8      | Noticed a two-headed ogre
  8846 | D:8      | Killed a two-headed ogre
  9001 | D:8      | Found a bloodstained altar of Trog.
  9003 | D:8      | Noticed a wizard
  9008 | D:8      | Killed a wizard
  9459 | D:9      | Found a staircase to the Lair.
  9465 | D:9      | Reached skill level 8 in Summonings
  9714 | D:9      | Reached skill level 5 in Fighting
  9973 | D:9      | Learned a level 4 spell: Summon Lightning Spire
 10218 | D:9      | Noticed a cyclops
 10229 | D:9      | Hit by a large rock thrown by a cyclops

Skill      XL: |  1  2  3  4  5  6  7  8  9 |
---------------+----------------------------+-----
Dodging        | 2 3 4 |  4.6
Fighting       | 1 2 3 4 5 |  5.0
Polearms       | 1 2 3 4 |  4.3
Summonings     | 5 6 7 8 |  8.1
Spellcasting   | 3 4 5 6 |  6.4
Hexes          | 1 2 3 |  3.7
Ice Magic      | 1 2 3 |  3.5
Necromancy     | 2 3 |  3.9
Stealth        | |  1.7
Air Magic      | |  0.2

Action                   |  1- 3 |  4- 6 |  7- 9 || total
-------------------------+-------+-------+-------++-------
Melee: Whip              |    15 |       |       ||    15
       Unarmed           |    14 |       |       ||    14
       Tailslap          |     5 |    17 |    20 ||    42
       Hand axe          |    30 |       |       ||    30
       Trident           |    11 |       |       ||    11
       Scythe            |       |    93 |     3 ||    96
       Halberd           |       |    68 |   295 ||   363
       Staff             |       |       |     1 ||     1
 Cast: Summon Small Mamm |     6 |     1 |     1 ||     8
       Call Imp          |     4 |    10 |    12 ||    26
       Call Canine Famil |       |    16 |    23 ||    39
       Summon Guardian G |       |     5 |    34 ||    39
       Summon Ice Beast  |       |       |    27 ||    27
       Vampiric Draining |       |       |     1 ||     1
 Abil: Breathe Dispellin |       |       |     4 ||     4
  Use: Scroll            |     5 |     3 |     3 ||    11
       Potion            |       |       |     1 ||     1
 Stab: Distracted        |       |     1 |     1 ||     2
  Eat: Chunk             |       |    11 |    21 ||    32
       Ration            |       |       |     3 ||     3
Armor: Skin              |    22 |    82 |   150 ||   254
Dodge: Dodged            |    89 |   143 |   251 ||   483
